 Dungeon Crawl Stone Soup version 0.27.1 (webtiles) character file.

Game seed: 17309882112870273647

93 Tinkle the Chopper (level 4, -3/41 HPs)
             Began as a Minotaur Berserker on Aug 29, 2021.
             Was a Believer of Trog.
             Slain by a gnoll (4 damage)
             ... on level 2 of the Dungeon.
             The game lasted 00:03:24 (1839 turns).

Tinkle the Chopper (Minotaur Berserker)             Turns: 1839, Time: 00:03:24

Health: -3/41      AC:  3    Str: 22    XL:     4   Next: 36%
Magic:  3/3        EV: 12    Int:  4    God:    Trog [**....]
Gold:   60         SH:  0    Dex: 10    Spells: 3/3 levels left

rFire    . . .     SeeInvis .   a - +0 hand axe
rCold    . . .     Faith    .   (no shield)
rNeg     . . .     Spirit   .   b - +0 animal skin
rPois    .         Reflect  .   (helmet restricted)
rElec    .         Harm     .   (no cloak)
rCorr    .         Rampage  .   (no gloves)
Will     .....                  f - +0 pair of boots
Stlth    +.........             (no amulet)
HPRegen  0.13/turn              (no ring)
MPRegen  0.08/turn              (no ring)

@: on berserk cooldown, slowed, very slow
A: horns 2, retaliatory headbutt
a: Renounce Religion, Berserk, Trog's Hand


You were on level 2 of the Dungeon.
You worshipped Trog.
Trog was pleased with you.
You visited 1 branch of the dungeon, and saw 2 of its levels.

You collected 60 gold pieces.

Inventory:

Hand Weapons
 a - a +0 hand axe (weapon)
Missiles
 e - 3 silver javelins (quivered)
Armour
 b - a +0 animal skin (worn)
 f - a +0 pair of boots (worn)
Scrolls
 c - a scroll of blinking {unknown}
 d - a scroll of teleportation {unknown}
Potions
 g - a potion of curing {unknown}
 h - a potion of heal wounds {unknown}


   Skills:
 + Level 4.4 Fighting
 + Level 4.4 Axes
 + Level 3.5 Armour
 + Level 3.1 Dodging


You had 3 spell levels left.
You didn't know any spells.
Your spell library was empty.

Dungeon Overview and Level Annotations

Branches:
Dungeon (2/15)

Altars:


Innate Abilities, Weirdness & Mutations

You have a pair of horns on your head.
You reflexively headbutt those who attack you in melee.


Message History

You kill the endoplasm!
Trog accepts your kill.
You barely miss the worm. The worm barely misses you.
You hit the worm. You headbutt the worm.
The worm is moderately wounded.
The endoplasm jiggles.
The worm bites you.
Damage: -5%(-2hp) hp: 49%(20hp)
You hit the worm but do no damage.
The worm is moderately wounded.
The worm bites you but does no damage.
You hit the worm. You headbutt the worm.
The worm is heavily wounded.
The worm bites you!
Huge Dmg: -17%(-7hp) hp: 35%(14hp)
You slash the worm!
The worm is almost dead.
You hit the worm.
You kill the worm!
Trog accepts your kill.
You barely miss the giant cockroach.
Your headbutt misses the giant cockroach.
The giant cockroach bites you but does no damage.
The gnoll closely misses you. The giant cockroach closely misses you.
The gnoll barely misses you.
You slash the giant cockroach!
You kill the giant cockroach!
Trog accepts your kill.
The gnoll hits you from afar with a +0 spear.
* * * LOW HITPOINT WARNING * * *
Huge Dmg: -13%(-5hp) hp: 22%(9hp)
The gnoll hits you with a +0 spear!
* * * LOW HITPOINT WARNING * * *
The gnoll barely misses you.
Things that are here:
a +0 plate armour; a worm corpse; Huge Dmg: -19%(-8hp) hp: 3%(1hp)
You slash the gnoll!
The gnoll is heavily wounded.
The gnoll hits you with a +0 spear.
You die...

#............#
##.##..)......###
#..##............
#.###...<....)###
##.# ##.......##
#..# ##.....##
#.## ####### #.#
#@# #g#
.......J....#
###..#.(###.# #..
...( #|. ..... ..
....... .
........
..........


You could see a gnoll and an endoplasm.

Vanquished Creatures
  5 gnolls (D:2)
  A worm (D:2)
  5 bats
  5 endoplasms
  5 giant cockroaches
  2 hobgoblins
  5 ball pythons
  3 frilled lizards
  7 goblins
  A kobold (D:2)
  4 rats
43 creatures vanquished.

Notes
Turn   | Place    | Note
-------+----------+-------------------------------------------
     0 | D:1      | Tinkle the Minotaur Berserker began the quest for the Orb.
     0 | D:1      | Reached XP level 1. HP: 19/19 MP: 0/0
   142 | D:1      | Reached XP level 2. HP: 25/27 MP: 1/1
  1212 | D:2      | Reached ** piety under Trog
  1214 | D:2      | Huge Dmg: 7 dmg
  1218 | D:2      | Reached XP level 3. HP: 26/33 MP: 2/2
  1222 | D:2      | Huge Dmg: 5 dmg
  1223 | D:2      | Huge Dmg: 7 dmg
  1228 | D:2      | Huge Dmg: 3 dmg
  1819 | D:2      | Reached XP level 4. HP: 41/41 MP: 3/3
  1827 | D:2      | Huge Dmg: 14 dmg
  1834 | D:2      | Huge Dmg: 7 dmg
  1838 | D:2      | Huge Dmg: 5 dmg
  1838 | D:2      | HP: 1/41 [gnoll (8)]
  1839 | D:2      | Huge Dmg: 8 dmg
  1839 | D:2      | Slain by a gnoll

Illustrated notes

Levels and vault maps discovered:
D:1:      ncdulo_wetmaze, layout_basic
D:2:      layout_rooms, basic_altar, minmay_tromino_i4

Skill      XL: |  1  2  3 |
---------------+----------+-----
Axes           | 4 |  4.4
Fighting       | 4 |  4.4
Armour         | 3 |  3.5
Dodging        | 3 |  3.1

Action                   |  1- 3 |  4- 6 || total
-------------------------+-------+-------++-------
Melee: Hand axe          |    77 |    15 ||    92
       Headbutt          |    11 |     3 ||    14
Throw: Javelin           |     2 |       ||     2
Invok: Berserk           |     2 |       ||     2
Armor: Animal skin       |    18 |     3 ||    21
Dodge: Dodged            |    49 |     8 ||    57
